Map: [ESL] Crimson Court

Players

Dolan

  • Race: Terran Terran
  • Spawn Location: 7:00

Epic - Winner!

  • Race: Terran Terran
  • Spawn Location: 1:00

Event: ESL SC2 Masters 2024 Spring (Regional)

VOD

Have the link to the VOD?

Description

Time

  • Played on: April 14, 2024, 4:05 p.m.
  • Length: 11:20

All games in this series

Show
View Real Time Build Order
Export as new Build Order

Dolan Terran 

Build Orders: Reaper Expand 

Get SALT Encoding   

  12  0:00  SCV  
  13  0:13  SCV  
  14  0:17  Supply Depot  
  14  0:25  SCV  
  15  0:38  SCV, Barracks  
  16  0:43  Refinery  
  16  0:50  SCV  
  17  1:02  SCV  
  18  1:14  SCV  
  19  1:26  Orbital Command, Reaper  
  20  1:38  Command Center  
  20  1:47  Supply Depot  
  20  1:52  SCV  
  21  1:58  Marine  
  22  2:04  SCV  
  22  2:06  Factory  
  23  2:09  Refinery  
  23  2:16  SCV, Marine  
  25  2:23  Bunker  
  25  2:28  SCV  
  26  2:35  Barracks Reactor  
  26  2:40  SCV  
  27  2:50  Orbital Command  
  27  2:51  Starport  
  27  3:03  SCV  
  27  3:04  Cyclone  
  30  3:12  Marine x2  
  32  3:16  SCV x2  
  34  3:21  Supply Depot  
  34  3:28  SCV x2, Viking  
  38  3:34  Refinery  
  38  3:37  Factory Tech Lab  
  38  3:40  SCV x2  
  40  3:42  Marine x2  
  42  3:52  SCV x2  
  44  3:58  Command Center  
  44  4:02  Factory Tech Lab  
  44  4:06  SCV x2, Raven  
  44  4:09  Supply Depot  
  48  4:12  Marine x2  
  50  4:18  SCV x2  
  52  4:36  SCV x2  
  54  4:41  Siege Tank  
  57  4:51  SCV  
  57  4:52  SCV  
  54  4:59  Interference Matrix, Raven  
  54  5:04  SCV x2  
  48  5:14  Orbital Command  
  48  5:16  SCV  
  48  5:20  Barracks  
  48  5:21  Barracks  
  48  5:22  Factory Reactor  
  48  5:28  SCV x2  
  50  5:29  Stimpack, Marine  
  50  5:33  Raven  
  53  5:38  Engineering Bay  
  53  5:39  Engineering Bay  
  53  5:42  SCV x3  
  56  5:44  Refinery  
  56  5:48  Marine  
  57  5:54  SCV x3  
  60  6:02  Supply Depot  
  60  6:06  SCV x3, Terran Infantry Weapons Level 1, Terran Infantry Armor Level 1  
  60  6:10  Marine  
  60  6:11  Marine x2  
  66  6:14  Starport Reactor, Marine x2  
  66  6:16  Siege Tank  
  71  6:20  SCV x3  
  71  6:22  Supply Depot  
  74  6:28  Marine x2  
  74  6:29  Marine  
  74  6:32  Marine x2  
  78  6:34  Orbital Command  
  79  6:45  Barracks  
  79  6:46  SCV x2, Barracks, Marine x3  
  84  6:50  Siege Tank, Marine x2  
  89  6:59  Medivac  
  89  7:00  Medivac  
  93  7:07  Supply Depot  
  93  7:09  SCV x2, Supply Depot  
  93  7:13  SCV  
  93  7:14  Supply Depot  
  96  7:19  Combat Shield  
  96  7:21  SCV x2  
  96  7:22  Siege Tank  
  101  7:28  Marine x5  
  106  7:31  Sensor Tower  
  106  7:32  SCV  
  106  7:34  SCV  
  106  7:35  SCV  
  109  7:44  SCV  
  109  7:45  Barracks Reactor  
  109  7:46  Barracks Reactor  
  109  7:48  Armory, Marine  
  109  7:49  Supply Depot, Marine x3  
  109  7:50  Marine  
  115  7:52  Refinery  
  115  7:56  SCV x2, Refinery  
  115  7:57  SCV  
  118  8:01  Supply Depot  
  118  8:05  Siege Tank  
  121  8:07  Medivac x2  
  121  8:10  SCV x3  
  128  8:18  Command Center  
  128  8:23  SCV x2  
  128  8:24  SCV  
  131  8:29  Factory  
  105  8:42  Marine  
  105  8:43  Marine x5  
  102  8:49  Marine x2  
  102  8:54  Medivac, Siege Tank  
  102  8:55  Medivac  
  108  9:01  Barracks x2  
  107  9:03  Barracks  
  107  9:07  Barracks Reactor  
  107  9:08  Marine x2  
  107  9:09  Marine x6  
  104  9:15  Terran Vehicle Weapons Level 1  
  102  9:24  Medivac  
  102  9:25  Marine x2  
  102  9:26  Siege Tank  
  102  9:27  Marine x6  
  102  9:28  Siege Tank  
  102  9:29  Medivac  
  120  9:43  Marine x2  
  120  9:44  Marine x3  
  120  9:45  Marine x5  
  128  10:01  Marine x2  
  128  10:02  Marine x5, Orbital Command  
  128  10:03  Marine x3  
  128  10:05  Orbital Command  
  132  10:09  Siege Tank  
  132  10:19  Marine x2  
  132  10:20  Marine x6  
  132  10:21  Marine x2  
  126  10:29  Marine x3  
  129  10:36  Siege Tank  
  129  10:37  Marine x2  
  129  10:38  Marine x3  
  129  10:39  Marine x3  
  140  10:45  Marine x2  
  141  10:54  Marine x4  
Show
View Real Time Build Order
Export as new Build Order

Epic Terran - Winner!

Build Orders: Cyclone Opening 

Get SALT Encoding   

  12  0:00  SCV  
  13  0:12  SCV  
  14  0:17  Supply Depot  
  14  0:24  SCV  
  15  0:38  SCV  
  15  0:40  Barracks  
  15  0:42  Refinery  
  16  0:50  SCV  
  16  0:52  Refinery  
  17  1:02  SCV  
  18  1:14  SCV  
  19  1:27  Reaper, Orbital Command  
  19  1:28  Supply Depot  
  20  1:42  Factory  
  20  1:52  SCV  
  21  1:59  Reaper  
  22  2:04  SCV  
  23  2:16  SCV  
  23  2:21  Command Center  
  24  2:27  Cyclone  
  24  2:29  SCV  
  27  2:32  Barracks Reactor  
  27  2:37  Supply Depot  
  27  2:41  SCV  
  28  2:50  Starport  
  28  2:53  SCV  
  29  3:00  Factory Tech Lab  
  29  3:05  SCV  
  29  3:08  Marine x2  
  29  3:11  Refinery  
  32  3:18  SCV, Siege Tank  
  36  3:27  Marine  
  36  3:28  Marine  
  36  3:32  Medivac  
  36  3:33  SCV  
  41  3:38  Orbital Command  
  41  3:45  SCV  
  41  3:46  Marine x2  
  44  3:52  Siege Tank  
  47  3:58  SCV  
  47  4:01  Supply Depot  
  48  4:05  Medivac  
  48  4:08  SCV  
  51  4:10  SCV  
  51  4:15  Marine x2  
  54  4:22  SCV x2  
  56  4:26  Siege Tank  
  59  4:31  Supply Depot  
  59  4:34  SCV x2  
  59  4:36  Starport Tech Lab  
  61  4:41  Marine  
  62  4:50  SCV, Marine  
  62  4:51  SCV  
  57  4:57  Raven  
  57  4:59  Interference Matrix  
  54  5:00  Marine  
  54  5:02  SCV  
  54  5:03  SCV  
  52  5:08  Siege Tank, Marine  
  52  5:14  SCV  
  52  5:15  SCV  
  52  5:16  Command Center  
  54  5:26  SCV, Barracks, Marine x2  
  54  5:27  SCV  
  58  5:29  Barracks  
  58  5:31  Raven  
  60  5:37  Supply Depot, Refinery  
  60  5:38  SCV  
  60  5:39  SCV  
  62  5:43  Siege Tank  
  65  5:52  SCV x2  
  65  5:55  Engineering Bay x2  
  67  5:57  Barracks Tech Lab  
  68  6:04  SCV x2  
  69  6:12  Barracks  
  69  6:15  Barracks, Viking x2  
  69  6:16  Stimpack  
  73  6:20  Combat Shield  
  73  6:21  SCV x2  
  75  6:26  Terran Infantry Weapons Level 1  
  75  6:29  Supply Depot  
  75  6:30  Orbital Command  
  75  6:32  Marine  
  75  6:33  Marine  
  75  6:36  SCV x2  
  79  6:40  Siege Tank  
  79  6:43  Supply Depot  
  82  6:49  SCV x2  
  82  6:52  Marine x4  
  88  6:57  Starport Reactor  
  88  6:59  Orbital Command  
  88  7:01  SCV  
  88  7:02  SCV, Barracks Reactor x2  
  88  7:06  Supply Depot, Missile Turret  
  90  7:10  Marine x4  
  90  7:14  SCV x2  
  96  7:17  Siege Tank  
  96  7:22  Supply Depot, Terran Infantry Armor Level 1  
  99  7:25  SCV  
  99  7:26  SCV x2  
  99  7:28  Marine x3  
  99  7:29  Marine  
  106  7:32  Supply Depot  
  106  7:39  SCV  
  106  7:40  SCV x2, Missile Turret  
  106  7:41  Refinery x2  
  109  7:47  Medivac x2, Sensor Tower  
  109  7:48  Marine  
  109  7:49  Marine x2  
  116  7:52  SCV x2  
  116  7:54  SCV  
  116  7:55  Supply Depot  
  116  7:56  Marine x2  
  121  7:59  Marine  
  121  8:04  Siege Tank, Barracks Reactor  
  124  8:07  Armory  
  124  8:09  Supply Depot  
  124  8:13  Marine x5  
  124  8:14  Marine  
  124  8:19  Medivac x2  
  134  8:25  Supply Depot, Missile Turret  
  134  8:26  Supply Depot  
  134  8:29  Marine  
  134  8:30  Marine  
  134  8:31  Marine x4  
  134  8:32  Marine  
  141  8:36  Factory  
  127  8:45  Marine x2  
  127  8:46  Siege Tank  
  127  8:47  Marine  
  121  8:48  Marine x2  
  121  8:51  Medivac x2, Marine  
  121  8:52  Marine x3  
  130  8:55  Terran Infantry Weapons Level 2  
  126  9:03  Marine x2  
  126  9:05  Marine  
  126  9:06  Marine x2  
  126  9:09  Marine x3  
  127  9:10  Marine  
  130  9:19  Siege Tank  
  130  9:20  Marine  
  130  9:21  Marine  
  130  9:23  Marine  
  136  9:24  Marine x2  
  136  9:26  Command Center  
  136  9:27  Siege Tank, Marine x4  
  145  9:33  Medivac x2  
  148  9:38  Marine x2  
  148  9:41  Marine  
  148  9:42  Marine x2  
  148  9:45  Marine x4  
  157  9:55  Siege Tank  
  157  9:56  Marine  
  157  9:59  Siege Tank  
  162  10:06  Command Center  
  159  10:09  Marine x8  
  159  10:14  Medivac, Marine  
  164  10:18  Medivac  
  158  10:22  SCV x3  
  158  10:27  Unknown  
  161  10:29  Siege Tank  
  164  10:36  SCV  
  164  10:37  SCV x2, Siege Tank, Planetary Fortress  
  164  10:40  Supply Depot  
  164  10:42  Supply Depot  
  169  10:50  Medivac x2  
  162  10:57  Marine x9  
  158  11:14  Command Center  
Tags
 
Add a new tag
Caveats
  • Supply blocks, unpowered buildings, or Contaminate may cause inaccurate times.
  • Supply counts are checked every 10 seconds.